 Dungeon Crawl Stone Soup version 0.30.1-3-gfc49f6343a (webtiles) character file.

Game seed: 14466245306535871175

20 Martska the Cudgeller (level 2, 0/29 HPs)
             Began as an Ogre Gladiator on July 19, 2023.
             Slain by an adder (3 damage)
             ... on level 2 of the Dungeon.
             The game lasted 00:00:47 (749 turns).

Martska the Cudgeller (Ogre Gladiator)               Turns: 749, Time: 00:00:48

Health: 0/29       AC:  3    Str: 17    XL:     2   Next: 79%
Magic:  2/2        EV: 10    Int:  9    God:
Gold:   51         SH:  0    Dex: 10    Spells: 1/1 levels left

rFire   . . .        a - +0 flail
rCold   . . .        (no shield)
rNeg    . . .        b - +0 robe
rPois   .            c - +0 hat
rElec   .            (no cloak)
rCorr   .            (gloves unavailable)
SInv    .            (boots unavailable)
Will    .....        (no amulet)
Stlth   +            (no ring)
HPRegen 0.24/turn    (no ring)
MPRegen 0.08/turn

%: no passive effects
@: lethally poisoned (0 -> -7)
A: large, unfitting armour, tough skin 1
a: no special abilities


You were on level 2 of the Dungeon.
You visited 1 branch of the dungeon, and saw 2 of its levels.

You collected 51 gold pieces.

Inventory:

Hand Weapons
 a - a +0 flail (weapon)
Missiles
 d - 3 throwing nets (quivered)
 e - a large rock
Armour
 b - a +0 robe (worn)
 c - a +0 hat (worn)
Scrolls
 g - a scroll of poison {unknown}
 h - a scroll of fog {unknown}
 i - a scroll of identify {unknown}
 j - a scroll of teleportation {unknown}
 k - a scroll of magic mapping {unknown}
Potions
 f - 2 potions of mutation {unknown}


   Skills:
 * Level 2.8 Fighting
 * Level 3.1 Maces & Flails
 - Level 2.0 Throwing
 * Level 3.1 Dodging


You had one spell level left.
You didn't know any spells.
Your spell library was empty.

Dungeon Overview and Level Annotations

Branches:
Dungeon (2/15)

Altars:

Shops:
D:1 =


Innate Abilities, Weirdness & Mutations

You are too large for most types of armour.
You have tough skin. (AC +1)


Message History

The adder is severely wounded.
You feel sick. The adder bites you. The adder misses you.
You closely miss the adder.
The adder is severely wounded.
You feel sick. The adder bites you but does no damage. The adder bites you.
You closely miss the adder.
The adder is severely wounded.
You feel sick. The adder bites you.
You are too injured to fight recklessly!
You completely miss the adder.
The adder is severely wounded.
You feel sick.
You are no longer poisoned.
The adder closely misses you. The adder barely misses you.
You miss the adder.
The adder is severely wounded.
The adder barely misses you. The adder bites you.
You miss the adder.
The adder is severely wounded.
The adder barely misses you.
You hit the adder but do no damage.
The adder is severely wounded.
The adder bites you.
* * * LOW HITPOINT WARNING * * *
The adder bites you.
* * * LOW HITPOINT WARNING * * *
You are lethally poisoned!
The adder poisons you!
You barely miss the adder.
The adder is severely wounded.
* * * LOW HITPOINT WARNING * * *
You feel sick. The adder barely misses you.
You closely miss the adder.
The adder is severely wounded.
* * * LOW HITPOINT WARNING * * *
You feel sick. The adder bites you.
* * * LOW HITPOINT WARNING * * *
You are more poisoned.
The adder poisons you! The adder bites you.
You die...

# ## #. ....
#.########.#<.
.#............##
...............
............#.#
.....#S.....#.# #
#......@......# .#
#....#.!......# .#
#...(..#..†<..#..#
#..##..##.##..#..#
.........>.......#
###.##.##.##..##.#
#............†...#
#.#.##....##....##
#.#.#...........#


You could see an adder.

Vanquished Creatures
  A worm (D:2)
  2 bats (D:1)
  An endoplasm (D:1)
  3 giant cockroaches
  A goblin (D:1)
  A quokka (D:2)
  A frilled lizard (D:2)
  4 kobolds (D:1)
  2 rats (D:1)
16 creatures vanquished.

Notes
Turn   | Place    | Note
-------+----------+-------------------------------------------
     0 | D:1      | Martska the Ogre Gladiator began the quest for the Orb.
     0 | D:1      | Reached XP level 1. HP: 22/22 MP: 1/1
    69 | D:1      | Found Aroext's Jewellery Shoppe.
   203 | D:1      | Reached XP level 2. HP: 29/29 MP: 2/2
   749 | D:2      | Slain by an adder

Illustrated notes

Levels and vault maps discovered:
D:1:      sevenhm_arrival_forest_fort_large_4, layout_basic, serial_shops,
          shop_statue
D:2:      layout_basic, minmay_misc_feat_four_crosses

Skill      XL: |  1  2 |
---------------+-------+-----
Dodging        | 3 |  3.1
Maces & Flails | 3 |  3.1
Fighting       | |  2.8
Throwing       | |  2.0

Action                     || total
---------------------------++-------
  Melee: Flail             ||    51
         Punch             ||     1
   Stab: Sleeping          ||     2
 Armour: Robe              ||    14
  Dodge: Dodged            ||    22
